 Dungeon Crawl Stone Soup version 0.19-a0-706-g03de5d9 (webtiles) character file.

1150 Duffy the Cleaver (level 8, -3/64 HPs)
             Began as a Hill Orc Monk on June 19, 2016.
             Slain by a wight
             ... wielding a +3 great sword
              (11 damage)
             ... on level 5 of the Dungeon.
             The game lasted 00:06:04 (5620 turns).

Duffy the Cleaver (Hill Orc Monk)                   Turns: 5620, Time: 00:06:05

Health: -3/64      AC:  6    Str: 19    XL:     8   Next: 38%
Magic:  8/8        EV: 10    Int: 10    God:
Gold:   114        SH:  0    Dex: 15    Spells: 0 memorised, 7 levels left

rFire  . . .     SeeInvis .     a - +0 hand axe
rCold  . . .     Gourm    .     g - +0 scale mail
rNeg   . . .     Faith    .     (no shield)
rPois  .         Spirit   .     (no helmet)
rElec  .         Dismiss  .     (no cloak)
rCorr  .         Reflect  .     (no gloves)
SustAt .         Harm     .     (no boots)
MR     .....                    (no amulet)
Stlth  ..........               (no ring)
                                (no ring)

@: mighty, drained, not resistant to hostile enchantments, extremely unstealthy
A: no striking features
a: no special abilities


You were on level 5 of the Dungeon.
You were very hungry.

You visited 1 branch of the dungeon, and saw 6 of its levels.
You also visited: Ossuary.

You collected 114 gold pieces.


   Skills:
 - Level 3.6(3.2) Fighting
 + Level 12.8(12.2) Axes
 - Level 2.4(2.0) Dodging
 - Level 1.5(1.1) Stealth


You had 7 spell levels left.
You didn't know any spells.

Inventory:

Hand Weapons
 a - a +0 hand axe (weapon)
Armour
 b - a +0 robe
 g - a +0 scale mail (worn)
Jewellery
 p - an uncursed amulet of dismissal
Wands
 f - a wand of flame (18/48)
Scrolls
 h - a scroll of remove curse {unknown}
 i - a scroll of random uselessness {unknown}
 m - a scroll of recharging {unknown}
 n - a scroll of enchant weapon {unknown}
Potions
 d - 2 potions of curing
 e - a potion of berserk rage {unknown}
 j - 2 potions of heal wounds
 k - a potion of degeneration {unknown}
 l - a potion of haste
Comestibles
 c - 3 bread rations

Dungeon Overview and Level Annotations

Branches:
Dungeon (6/15)
 Temple: D:4-7

Altars:
Gozag
Kikubaaqudgha
Sif Muna
Uskayaw

Annotations:
D:3 Xiguana's ghost, amateur VSMo


Message History

The wight is severely damaged.
You slash the wight!
The wight is severely damaged.
The wight hits you with an enchanted halberd.
You feel drained.
A slave comes into view.
You are too injured to fight recklessly!
You are too injured to fight recklessly!
You are too injured to fight recklessly!
You are too injured to fight recklessly!
You are too injured to fight recklessly!
You are too injured to fight recklessly!
You are too injured to fight recklessly!
You are too injured to fight recklessly!
You are too injured to fight recklessly!
You are too injured to fight recklessly!
You are too injured to fight recklessly!
You are too injured to fight recklessly!
You are too injured to fight recklessly!
You are too injured to fight recklessly!
You are too injured to fight recklessly!
You are too injured to fight recklessly!
You are too injured to fight recklessly!
You are too injured to fight recklessly!
You are too injured to fight recklessly!
You are too injured to fight recklessly!
You are too injured to fight recklessly!
You are too injured to fight recklessly!
The slave shouts!
You slash the wight!
You destroy the wight!
You closely miss the wight.
The wight is severely damaged.
You barely miss the hound skeleton. The hound skeleton bites you.
The wight hits you with an enchanted great sword.
The worker ant waves its antennae.
You slash the slave!
The slave is moderately wounded.
You slash the hound skeleton! You barely miss the wight.
The wight is severely damaged.
The hound skeleton bites you but does no damage.
A slave comes into view.
The slave shouts!
You hit the slave but do no damage.
The slave is moderately wounded.
You hit the wight.
The wight is almost destroyed.
You hit the hound skeleton.
The wight hits you with an enchanted great sword!
You die...

###.####[.#
#..####.... #..Y.<.##
#.## ..p. ...##.Z###
#.. .p#. ##. #..##
#.# .#.#. #...(....
##. #.p...
####.##..##..####....
#.# #..#.#.....a #.#
#.><%..zp# #.#
#.....Z@# #.
#.##....# #.<..#
#....# ......# ##.
#.#...#... .... #
#...#.... ....
#.#..=....# ..#
....#...#.#


You could see 4 slaves, a worker ant, a wight and a hound skeleton.

Action                   |  1- 3 |  4- 6 |  7- 9 || total
-------------------------+-------+-------+-------++-------
Melee: Hand axe          |    96 |   354 |   257 ||   707
  Use: Scroll            |       |       |     5 ||     5
       Potion            |       |       |     2 ||     2
 Stab: Sleeping          |     1 |       |       ||     1
  Eat: Chunk             |     1 |     2 |     4 ||     7
       Fruit             |       |     4 |     3 ||     7
       Beef jerky        |       |     1 |       ||     1
Armor: Robe              |    10 |     4 |       ||    14
       Scale mail        |       |   109 |    91 ||   200
Dodge: Dodged            |    98 |   148 |    73 ||   319

Notes
Turn   | Place    | Note
--------------------------------------------------------------
     0 | D:1      | Duffy the Hill Orc Monk began the quest for the Orb.
     0 | D:1      | Reached XP level 1. HP: 19/19 MP: 1/1
   150 | D:1      | Reached XP level 2. HP: 13/26 MP: 2/2
   168 | D:1      | Reached skill level 5 in Axes
   638 | D:1      | Reached XP level 3. HP: 31/31 MP: 3/3
  1244 | D:2      | Reached skill level 6 in Axes
  1299 | D:2      | Reached XP level 4. HP: 37/39 MP: 4/4
  1516 | D:3      | Noticed Xiguana's ghost (amateur VSMo)
  1897 | D:4      | Found a sand-covered staircase.
  1901 | Ossuary  | Entered an ossuary
  2054 | Ossuary  | Reached skill level 7 in Axes
  2059 | Ossuary  | Reached XP level 5. HP: 33/45 MP: 5/5
  2404 | Ossuary  | Reached skill level 8 in Axes
  2717 | Ossuary  | Reached XP level 6. HP: 45/51 MP: 6/6
  2730 | Ossuary  | Reached skill level 9 in Axes
  3381 | Ossuary  | Reached XP level 7. HP: 43/57 MP: 7/7
  3385 | Ossuary  | Reached skill level 10 in Axes
  4098 | D:4      | Found an ancient bone altar of Kikubaaqudgha.
  4103 | D:4      | Found an opulent altar of Gozag.
  4106 | D:4      | Found a deep blue altar of Sif Muna.
  4106 | D:4      | Found a hide-covered altar of Uskayaw.
  4173 | D:4      | Reached skill level 11 in Axes
  4377 | D:5      | Entered Level 5 of the Dungeon
  4456 | D:4      | Reached XP level 8. HP: 1/64 MP: 8/8
  4671 | D:4      | Reached skill level 12 in Axes
  5620 | D:5      | Slain by a wight

Skill      XL: |  1  2  3  4  5  6  7  8 |
---------------+-------------------------+-----
Axes           | 5 6 7 8 9 11 12 | 12.8
Fighting       | |  3.6
Dodging        | |  2.4
Stealth        | |  1.5

Vault maps used:
D:1:      dpeg_arrival_signposts, minmay_misc_feat_pillars
D:2:      yredelemnul_forgotten_temple_becter
D:3:      corexii_shack_village, hangedman_decor_points, grunt_ministairs_11,
          st_stairs_14, uniq_grinder
D:4:      grunt_temple_overflow_open, enter_ossuary_5, first_bread,
          minmay_misc_feat_rugged
D:5:      nemelex_xobeh_ov_fountains_minmay, minmay_temple_entry_mist,
          serial_shops, shop, uniq_pikel, uniq_sigmund
D:6:      lemuel_crystal_altar
Ossuary:  minmay_ossuary_two_tombs

Vanquished Creatures
  A phantom
  2 ogres
  2 elf zombies
  4 wights
  A crimson imp
  A centaur zombie
  A hound
  3 human zombies
  A giant frog zombie
  A centaur skeleton
  An iguana
  2 orc wizards
  A worker ant
  2 big kobold zombies
  2 hound zombies
  3 mummies
  6 adders
  A shadow imp
  An ooze
  An adder zombie
  A worm
  A dart slug
  2 orcs
  3 bats
  A giant cockroach
  4 goblins
  5 hobgoblins
  18 jackals
  A quokka
  A gnoll zombie
  4 goblin zombies
  2 hobgoblin zombies
  6 jackal zombies
  7 kobolds
  3 kobold zombies
  3 quokka zombies
  3 rats
  3 rat zombies
105 creatures vanquished.
